 Dungeon Crawl Stone Soup version 0.27.0-1-g7a089689b8 (webtiles) character file.

Game seed: 1774150005665622290

12 Treizu the Chiller (level 2, -26/19 HPs)
             Began as a Merfolk Ice Elementalist on July 31, 2021.
             Killed by an exploding jackal (42 damage)
             ... ignited by their inner flame
             ... on level 1 of the Dungeon.
             The game lasted 00:03:28 (829 turns).

Treizu the Chiller (Merfolk Ice Elementalist)        Turns: 829, Time: 00:03:30

Health: -26/19     AC:  4    Str:  8    XL:     2   Next: 33%
Magic:  1/5        EV: 12    Int: 14    God:
Gold:   69         SH:  0    Dex: 14    Spells: 4/5 levels left

rFire    . . .     SeeInvis .   g - +0 whip
rCold    . . .     Faith    .   (no shield)
rNeg     . . .     Spirit   .   a - +0 robe
rPois    .         Reflect  .   h - +2 hat
rElec    .         Harm     .   (no cloak)
rCorr    .         Rampage  .   (no gloves)
Will     .....                  (no boots)
Stlth    ++........             (no amulet)
HPRegen  0.06/turn              (no ring)
MPRegen  0.09/turn              (no ring)

@: no status effects
A: (nimble swimmer 2), mertail
a: no special abilities


You were on level 1 of the Dungeon.
You visited 1 branch of the dungeon, and saw 1 of its levels.

You collected 69 gold pieces.

Inventory:

Hand Weapons
 c - a +0 dagger
 g - a +0 whip (weapon)
Armour
 a - a +0 robe (worn)
 e - a +0 leather armour
 h - a +2 hat (worn)
Potions
 f - a potion of brilliance


   Skills:
 + Level 2.7 Dodging
 + Level 2.3 Stealth
 + Level 2.2 Spellcasting
 + Level 4.7 Ice Magic


You had 4 spell levels left.
You knew the following spells:

 Your Spells              Type           Power      Damage    Failure   Level
a - Freeze                Ice            56%        1d7       3%          1

Your spell library contained the following spells:

 Spells                   Type           Power      Damage    Failure   Level
 Frozen Ramparts          Ice            28%        1d4       10%         3
 Ozocubu's Armour         Ice            14%        N/A       10%         3
 Hailstorm                Conj/Ice       8%         3d4       65%         4


Dungeon Overview and Level Annotations

Branches:
Dungeon (1/15)

Altars:


Innate Abilities, Weirdness & Mutations

((You are quick and stealthy near water. (Stealth+, EV+, Speed+++)))
Your lower body shifts to a powerful aquatic tail in water.


Message History

Aim: a jackal (heavily wounded)
You freeze the jackal.
You kill the jackal!
The jackal barks!
Aiming: Freeze (safe; 3% risk of failure)
Press: ? - help, Q - select action Shift-Dir - straight line, f - endoplasm
Aim: an endoplasm You freeze the endoplasm!
You kill the endoplasm!
Unknown command.
A jackal comes into view.
A jackal comes into view.
The jackal bites you but does no damage.
Aiming: Freeze (safe; 3% risk of failure)
Press: ? - help, Q - select action Shift-Dir - straight line, f - jackal
Aim: a jackal You freeze the jackal.
The jackal is lightly wounded.
The jackal barks! x2
The jackal barely misses you. The jackal closely misses you.
You don't have enough magic to cast this spell.
Unknown command.
You don't have enough magic to cast this spell.
The jackal barely misses you.
The jackal bites you but does no damage.
The jackal bites you but does no damage.
As you read the scroll labelled DELURETTEE, it crumbles to dust.
You hear a loud clanging noise!
It was a scroll of noise.
As you read the scroll labelled DEOSIO ITASEIPPIBB, it crumbles to dust.
The creatures around you are filled with an inner flame!
It was a scroll of immolation.
The jackal bites you but does no damage.
You hit the jackal.
Flame seeps out of the jackal.
The jackal is heavily wounded.
The jackal is engulfed in blazing flames.
The jackal explodes!
The fiery explosion engulfs you!!!
Ouch! That really hurt!
You die...

############
#..........#
###
#.########.##
..# #.#
##.#.##
#.####.#
#.###.#
#......#
##.#.##
######## #..#
...# ##)# .#.#
#@# .# #○# .#
##h###### .#
#.h.....# .#
#.##.##...
...#
##.#...#.#
####
##........# #
##.#
##...#...... #
#...
.##.#.##.##.#.


You could see 2 jackals.

Vanquished Creatures
  2 endoplasms (D:1)
  3 goblins (D:1)
  A hobgoblin (D:1)
  2 jackals (D:1)
  2 bats (D:1)
  2 frilled lizards (D:1)
12 creatures vanquished.

Notes
Turn   | Place    | Note
-------+----------+-------------------------------------------
     0 | D:1      | Treizu the Merfolk Ice Elementalist began the quest for the
                  | Orb.
     0 | D:1      | Reached XP level 1. HP: 13/13 MP: 3/3
   255 | D:1      | Reached XP level 2. HP: 10/19 MP: 3/5
   829 | D:1      | Killed by an exploding jackal... ignited by their inner
                  | flame

Illustrated notes

Levels and vault maps discovered:
D:1:      evilmike_arrival_plus, layout_loops_cross, serial_rivers,
          chequers_serial_rivers_marsh, chequers_serial_rivers_micro_b,
          chequers_serial_rivers_small_b, chequers_serial_rivers_marsh,
          chequers_serial_rivers_large_a, hangedman_decor_clover_reticule

Action                   || total
-------------------------++-------
Melee: Dagger            ||    18
       Unarmed           ||     5
       Whip              ||     5
 Cast: Freeze            ||    15
  Use: Scroll            ||     4
 Stab: Sleeping          ||     1
Armor: Robe              ||    12
Dodge: Dodged            ||    19
